[Event "NOR-ch Elite 2019"]
[Site "Larvik"]
[Date "2019.07.11"]
[Round "7.13"]
[White "Moen, Andreas G.R."]
[Black "Altarbosh, Ward"]
[Result "0-1"]
[ECO "A33"]
[WhiteElo "2322"]
[BlackElo "2202"]
[Annotator "NA"]
[PlyCount "72"]
[EventDate "2019.07.05"]
[EventType "swiss"]
[EventCountry "NOR"]
[SourceTitle "playchess.com"]
[Source "ChessBase"]
[SourceQuality "1"]
[TimeControl "40/5400+30:1800+30"]

1. c4 c5 2. Nf3 Nc6 3. d4 cxd4 4. Nxd4 Nf6 5. Nc3 e6 6. g3 Qb6 7. Ndb5 a6 8. Nd6+ Bxd6 9. Qxd6 Qb4 10. Qd3 Ne5 11. Qd4 Nc6 12. Qh4 d5 13. cxd5 Qxh4 14. gxh4 Nd4 15. Kd1 exd5 16. Rg1 O-O 17. Bg5 Kh8 18. e3 Nf3 19. Rg3 d4 20. Bxf6 gxf6 21. Ne2 Nxh2 22. Bg2 dxe3 23. fxe3 Bg4 24. Ke1 Rac8 25. Rc1 h5 26. Bxb7 Rxc1+ 27. Nxc1 Rd8 28. Ne2 Rb8 29. Bxa6 Rxb2 30. Bc4 Nf3+ 31. Kf2 Nd2 32. Bd3 Bxe2 33. Kxe2 Ne4+ 34. Kf3 Nxg3 35. Kxg3 Rxa2 36. Bc4 Ra3 0-1

[Event "NOR-ch Elite 2019"]
[Site "Larvik"]
[Date "2019.07.12"]
[Round "8.1"]
[White "Tari, Aryan"]
[Black "Christiansen, Johan-Sebastian"]
[Result "1/2-1/2"]
[ECO "E06"]
[WhiteElo "2620"]
[BlackElo "2548"]
[Annotator "ChessBase"]
[PlyCount "73"]
[EventDate "2019.07.05"]
[EventType "swiss"]
[EventCountry "NOR"]
[SourceTitle "playchess.com"]
[Source "ChessBase"]
[SourceQuality "1"]
[TimeControl "40/5400+30:1800+30"]

1. d4 Nf6 2. c4 e6 3. g3 d5 4. Bg2 Be7 5. Nf3 O-O 6. Nc3 dxc4 7. Ne5 Nc6 8. Bxc6 bxc6 9. Nxc6 Qe8 10. Nxe7+ Qxe7 11. Qa4 c5 12. dxc5 Qxc5 13. Be3 Qc7 14. O-O-O Bd7 15. Qa3 Bc6 16. f3 Nd5 17. Bd4 Qb7 18. Nxd5 exd5 19. g4 a5 20. Qc3 f6 21. Qd2 a4 22. a3 Qe7 23. h4 Rfe8 24. Rh2 Rab8 25. g5 f5 26. h5 Rb3 27. Rg2 Bb7 28. h6 g6 29. Qf4 Rc8 30. Kc2 Qc7 31. Be5 Qb6 32. Qd4 Qxd4 33. Bxd4 Kf7 34. Bc3 Re8 35. Kd2 Rb6 36. Ke1 Rbe6 37. Kf1 1/2-1/2

[Event "NOR-ch Elite 2019"]
[Site "Larvik"]
[Date "2019.07.12"]
[Round "8.2"]
[White "Urkedal, Frode Olav Olsen"]
[Black "Notkevich, Benjamin Arvola"]
[Result "0-1"]
[ECO "A85"]
[WhiteElo "2566"]
[BlackElo "2497"]
[Annotator "ChessBase"]
[PlyCount "66"]
[EventDate "2019.07.05"]
[EventType "swiss"]
[EventCountry "NOR"]
[SourceTitle "playchess.com"]
[Source "ChessBase"]
[SourceQuality "1"]
[TimeControl "40/5400+30:1800+30"]

1. c4 e6 2. Nc3 d5 3. d4 c6 4. e3 Bd6 5. Nf3 f5 6. Bd3 Nf6 7. O-O O-O 8. Ne5 Bxe5 9. dxe5 Ng4 10. f4 d4 11. Ne2 Nxe3 12. Bxe3 dxe3 13. Rf3 Na6 14. a3 Nc5 15. Bc2 a5 16. Rxe3 Qb6 17. Qc1 Bd7 18. b3 Rfd8 19. h3 Be8 20. Kh2 Rd7 21. Rb1 Rad8 22. b4 axb4 23. axb4 Nd3 24. Bxd3 Rxd3 25. c5 Qb5 26. Rxd3 Qxd3 27. Rb2 Bh5 28. Ng3 Bd1 29. b5 cxb5 30. c6 bxc6 31. Qxc6 Bb3 32. Nf1 Qxf1 33. Rxb3 Qxf4+ 0-1

[Event "NOR-ch Elite 2019"]
[Site "Larvik"]
[Date "2019.07.12"]
[Round "8.3"]
[White "Lie, Kjetil A."]
[Black "Holm, Kristian Stuvik"]
[Result "1/2-1/2"]
[ECO "A36"]
[WhiteElo "2538"]
[BlackElo "2469"]
[Annotator "ChessBase"]
[PlyCount "36"]
[EventDate "2019.07.05"]
[EventType "swiss"]
[EventCountry "NOR"]
[SourceTitle "playchess.com"]
[Source "ChessBase"]
[SourceQuality "1"]
[TimeControl "40/5400+30:1800+30"]

1. c4 g6 2. g3 c5 3. Bg2 Bg7 4. Nc3 Nc6 5. b3 d6 6. Bb2 Bf5 7. d3 Qd7 8. Qd2 e5 9. h4 h6 10. Nd5 Nge7 11. e4 Be6 12. h5 g5 13. f4 gxf4 14. gxf4 Nd4 15. Nf3 Nxd5 16. cxd5 Bg4 17. Nxd4 cxd4 18. Rc1 f5 1/2-1/2

[Event "NOR-ch Elite 2019"]
[Site "Larvik"]
[Date "2019.07.12"]
[Round "8.4"]
[White "Mihajlov, Sebastian"]
[Black "Hammer, Jon Ludvig"]
[Result "0-1"]
[ECO "C01"]
[WhiteElo "2375"]
[BlackElo "2637"]
[Annotator "ChessBase"]
[PlyCount "126"]
[EventDate "2019.07.05"]
[EventType "swiss"]
[EventCountry "NOR"]
[SourceTitle "playchess.com"]
[Source "ChessBase"]
[SourceQuality "1"]
[TimeControl "40/5400+30:1800+30"]

1. e4 e6 2. d4 d5 3. Bd3 c5 4. exd5 exd5 5. Nf3 c4 6. Be2 Nf6 7. O-O Bd6 8. b3 cxb3 9. axb3 O-O 10. c4 Nc6 11. Nc3 h6 12. c5 Bb8 13. Ra4 a5 14. Ne1 b6 15. Nc2 Qc7 16. g3 Qb7 17. Bf3 b5 18. Ra1 Be6 19. Qd3 b4 20. Na4 Bc7 21. Ne3 Rae8 22. Re1 Ne4 23. Bg2 f5 24. Bb2 g6 25. Nf1 Kh7 26. Re2 Re7 27. Rae1 Rfe8 28. f3 Nf6 29. Bc1 f4 30. g4 Kg7 31. h4 Bf7 32. Rxe7 Rxe7 33. Rxe7 Nxe7 34. Nh2 g5 35. h5 Bg8 36. Bf1 Bh7 37. Qd1 Qc6 38. Bd3 Qe6 39. Kf2 Nc6 40. Bxh7 Nxh7 41. Nf1 Nf8 42. Bb2 Bd8 43. Qd3 Bf6 44. Nb6 Kg8 45. Nd2 Bg7 46. Qe2 Qxe2+ 47. Kxe2 Ne7 48. Kd3 Ne6 49. Nxd5 Nxd5 50. Nc4 Nc3 51. Nxa5 Bxd4 52. c6 Bb6 53. Nb7 Nb5 54. Kc4 Na7 55. Kd5 Nc7+ 56. Kd6 Ncb5+ 57. Kd7 Bd4 58. Bc1 Be3 59. Bb2 Bd4 60. Bc1 Bc3 61. Nd8 Nd4 62. c7 Nxf3 63. Nc6 Ne5+ 0-1

[Event "NOR-ch Elite 2019"]
[Site "Larvik"]
[Date "2019.07.12"]
[Round "8.5"]
[White "Ranaldi, Lucas"]
[Black "Hauge, Lars Oskar"]
[Result "0-1"]
[ECO "A26"]
[WhiteElo "2262"]
[BlackElo "2476"]
[Annotator "ChessBase"]
[PlyCount "90"]
[EventDate "2019.07.05"]
[EventType "swiss"]
[EventCountry "NOR"]
[SourceTitle "playchess.com"]
[Source "ChessBase"]
[SourceQuality "1"]
[TimeControl "40/5400+30:1800+30"]

1. c4 e5 2. g3 Nc6 3. Bg2 f5 4. Nc3 g6 5. d3 Bg7 6. Rb1 Nf6 7. b4 O-O 8. b5 Nd4 9. e3 Ne6 10. Nge2 d6 11. O-O h5 12. Nd5 h4 13. Nxf6+ Qxf6 14. f4 hxg3 15. hxg3 g5 16. Bb2 Qh6 17. d4 gxf4 18. gxf4 e4 19. Ng3 Qh4 20. Qe1 Qg4 21. Kf2 Bd7 22. Qe2 Qxe2+ 23. Kxe2 a6 24. b6 cxb6 25. d5 Nc5 26. Bxg7 Kxg7 27. Rxb6 Kf7 28. Bh3 Ke7 29. Kd2 Rf7 30. Rfb1 Rh8 31. Bf1 Rg7 32. Ne2 Rh2 33. Ke1 Bc8 34. Kd2 Kd7 35. Rd1 Kc7 36. Rbb1 Rgh7 37. Kc3 Rf2 38. Nd4 Rhh2 39. Re1 Rxa2 40. Re2 Ra3+ 41. Kd2 Rh1 42. Ree1 Bd7 43. Be2 Rh2 44. Nc2 Rd3+ 45. Kc1 Ba4 0-1

[Event "NOR-ch Elite 2019"]
[Site "Larvik"]
[Date "2019.07.12"]
[Round "8.6"]
[White "Kaasen, Tor Fredrik"]
[Black "Elsness, Frode"]
[Result "1-0"]
[ECO "E05"]
[WhiteElo "2376"]
[BlackElo "2436"]
[Annotator "ChessBase"]
[PlyCount "49"]
[EventDate "2019.07.05"]
[EventType "swiss"]
[EventCountry "NOR"]
[SourceTitle "playchess.com"]
[Source "ChessBase"]
[SourceQuality "1"]
[TimeControl "40/5400+30:1800+30"]

1. d4 Nf6 2. c4 e6 3. Nf3 d5 4. g3 Be7 5. Bg2 O-O 6. O-O dxc4 7. Ne5 Nc6 8. Nxc6 bxc6 9. Na3 Bxa3 10. bxa3 Ba6 11. Qd2 Rb8 12. Rd1 c3 13. Qc2 Qe7 14. e4 e5 15. Qxc3 exd4 16. Rxd4 c5 17. Ra4 Bb5 18. Rxa7 Nxe4 19. Qc2 Qf6 20. Bb2 Qb6 21. Bxe4 Qxa7 22. Bxh7+ Kh8 23. Bf5 Qb6 24. Qd2 Bd7 25. Qg5 1-0

[Event "NOR-ch Elite 2019"]
[Site "Larvik"]
[Date "2019.07.12"]
[Round "8.7"]
[White "Vestby-Ellingsen, Mads"]
[Black "Haldorsen, Benjamin"]
[Result "0-1"]
[ECO "A48"]
[WhiteElo "2335"]
[BlackElo "2444"]
[Annotator "ChessBase"]
[PlyCount "84"]
[EventDate "2019.07.05"]
[EventType "swiss"]
[EventCountry "NOR"]
[SourceTitle "playchess.com"]
[Source "ChessBase"]
[SourceQuality "1"]
[TimeControl "40/5400+30:1800+30"]

1. d4 Nf6 2. Nf3 g6 3. Bf4 c5 4. e3 Bg7 5. Be2 O-O 6. O-O d6 7. h3 Nc6 8. Nc3 Nh5 9. Bh2 cxd4 10. exd4 Qb6 11. Rb1 e5 12. dxe5 dxe5 13. Nd5 Qd8 14. Ne3 Nf4 15. Bc4 Qe7 16. c3 Rd8 17. Qc2 Na5 18. Bb3 Nxb3 19. axb3 Nd5 20. Nxd5 Rxd5 21. Rbd1 Be6 22. Rfe1 f6 23. c4 Rxd1 24. Rxd1 Rd8 25. Rxd8+ Qxd8 26. Bg3 Bf5 27. Qc3 Bf8 28. Kh2 Qb6 29. Nh4 Be6 30. Qd3 Kg7 31. Kh1 Bc5 32. f4 exf4 33. Bxf4 g5 34. b4 Qxb4 35. Bd2 Qxb2 36. Nf3 Qa2 37. Qd8 Qb1+ 38. Kh2 Qb6 39. Nxg5 Bd6+ 40. g3 Qf2+ 41. Kh1 Qf1+ 42. Kh2 Qe2+ 0-1

[Event "NOR-ch Elite 2019"]
[Site "Larvik"]
[Date "2019.07.12"]
[Round "8.8"]
[White "Haug, Johannes"]
[Black "Skrondal, Inge Sandstad"]
[Result "0-1"]
[ECO "B27"]
[WhiteElo "2431"]
[BlackElo "2312"]
[Annotator "ChessBase"]
[PlyCount "62"]
[EventDate "2019.07.05"]
[EventType "swiss"]
[EventCountry "NOR"]
[SourceTitle "playchess.com"]
[Source "ChessBase"]
[SourceQuality "1"]
[TimeControl "40/5400+30:1800+30"]

1. e4 c5 2. Nf3 g6 3. d4 cxd4 4. Qxd4 Nf6 5. e5 Nc6 6. Qa4 Nd5 7. Qe4 Nb6 8. Nc3 Bg7 9. Bf4 d5 10. exd6 Bf5 11. Qe3 O-O 12. O-O-O exd6 13. Rxd6 Qc8 14. Bh6 Re8 15. Qd2 Bh8 16. Bb5 a6 17. Be2 Nb4 18. Rxb6 Bxc3 19. bxc3 Rxe2 20. Qxe2 Nxa2+ 21. Kb2 Qxc3+ 22. Kxa2 Qa5+ 23. Kb1 Qxb6+ 24. Kc1 Rc8 25. Ne1 Qd4 26. Qe3 Qa4 27. Kb2 Bxc2 28. Nf3 Qb4+ 29. Ka2 Qa4+ 30. Kb2 Qb5+ 31. Ka2 Rc4 0-1

[Event "NOR-ch Elite 2019"]
[Site "Larvik"]
[Date "2019.07.12"]
[Round "8.9"]
[White "Getz, Nicolai"]
[Black "Mikalsen, Erlend"]
[Result "1/2-1/2"]
[ECO "A09"]
[WhiteElo "2377"]
[BlackElo "2404"]
[Annotator "NA"]
[PlyCount "115"]
[EventDate "2019.07.05"]
[EventType "swiss"]
[EventCountry "NOR"]
[SourceTitle "playchess.com"]
[Source "ChessBase"]
[SourceQuality "1"]
[TimeControl "40/5400+30:1800+30"]

1. Nf3 d5 2. c4 d4 3. b4 f6 4. e3 e5 5. c5 a5 6. Qa4+ Bd7 7. b5 Bxc5 8. Bc4 Qe7 9. O-O dxe3 10. fxe3 e4 11. Nd4 Qe5 12. Nc3 Ne7 13. Ba3 Na6 14. Qb3 Nb4 15. Rac1 Bd6 16. g3 h5 17. Bf7+ Kf8 18. Be6 Ke8 19. Rf4 Bxe6 20. Nxe6 f5 21. Ne2 Kd7 22. N2d4 h4 23. gxh4 Ned5 24. Rc5 b6 25. Rxd5 Qxd5 26. Qxd5 Nxd5 27. Bxd6 Kxd6 28. Rxf5 g6 29. Rg5 Rhg8 30. Rg4 Rae8 31. Ng5 Nf6 32. Rf4 Rgf8 33. Rf1 Nd7 34. Rc1 Nc5 35. Kg2 Rf2+ 36. Kxf2 Nd3+ 37. Kg3 Nxc1 38. a3 Kd5 39. Kg4 a4 40. Nh7 Re5 41. Nf8 Nb3 42. Nxg6 Re8 43. Nf5 Nxd2 44. h5 Nc4 45. h6 Ne5+ 46. Nxe5 Kxe5 47. Kg5 Rg8+ 48. Ng7 c6 49. bxc6 b5 50. Kg6 b4 51. Kf7 Rh8 52. c7 Kd6 53. c8=Q Rxc8 54. Ne8+ Kd7 55. Nf6+ Kd6 56. Ne8+ Kd7 57. Nf6+ Kd6 58. Ne8+ 1/2-1/2

[Event "NOR-ch Elite 2019"]
[Site "Larvik"]
[Date "2019.07.12"]
[Round "8.10"]
[White "Andersen, Alf Roger"]
[Black "Stokke, Kjetil"]
[Result "0-1"]
[ECO "B27"]
[WhiteElo "2149"]
[BlackElo "2336"]
[Annotator "NA"]
[PlyCount "92"]
[EventDate "2019.07.05"]
[EventType "swiss"]
[EventCountry "NOR"]
[SourceTitle "playchess.com"]
[Source "ChessBase"]
[SourceQuality "1"]
[TimeControl "40/5400+30:1800+30"]

1. e4 c5 2. Nf3 g6 3. d4 cxd4 4. Qxd4 Nf6 5. Nc3 Nc6 6. Qa4 d6 7. e5 dxe5 8. Nxe5 Qd4 9. Nxc6 Qxa4 10. Nxa4 bxc6 11. Be2 Bf5 12. Bf3 Rc8 13. c4 e5 14. O-O Nd7 15. Be3 Bd3 16. Rfe1 Bb4 17. Nc3 Bxc4 18. Bh6 Bf8 19. Bxf8 Kxf8 20. Rad1 Ke7 21. g3 Be6 22. b4 Rhd8 23. Rc1 f6 24. Red1 Nb8 25. Kf1 Rxd1+ 26. Rxd1 Rd8 27. Rxd8 Kxd8 28. a3 Bc4+ 29. Ke1 Kc7 30. Kd2 Nd7 31. Na4 Kd6 32. Nc3 f5 33. g4 e4 34. Bd1 Ke5 35. Ba4 Kd4 36. gxf5 gxf5 37. Bxc6 Ne5 38. Nb5+ Bxb5 39. Bxb5 f4 40. Kc2 Ng4 41. a4 Nxf2 42. Bf1 Ng4 43. Bh3 Ne3+ 44. Kd2 Nc4+ 45. Kc2 f3 46. b5 e3 0-1

[Event "NOR-ch Elite 2019"]
[Site "Larvik"]
[Date "2019.07.12"]
[Round "8.11"]
[White "Vitenberg, Noam Aviv"]
[Black "Tryggestad, Andreas Garberg"]
[Result "1/2-1/2"]
[ECO "A34"]
[WhiteElo "2300"]
[BlackElo "2336"]
[Annotator "NA"]
[PlyCount "141"]
[EventDate "2019.07.05"]
[EventType "swiss"]
[EventCountry "NOR"]
[SourceTitle "playchess.com"]
[Source "ChessBase"]
[SourceQuality "1"]
[TimeControl "40/5400+30:1800+30"]

1. Nf3 Nf6 2. c4 c5 3. Nc3 d5 4. cxd5 Nxd5 5. e3 Nc6 6. Bb5 e6 7. O-O Bd7 8. Nxd5 exd5 9. d4 cxd4 10. Nxd4 Be7 11. Nf3 a6 12. Be2 Be6 13. b3 Bf6 14. Rb1 Qa5 15. a4 O-O 16. Bb2 Bxb2 17. Rxb2 Rac8 18. Qd3 h6 19. Rd1 Rfd8 20. h3 Qb4 21. Nd4 Nxd4 22. Qxd4 Qc3 23. Bf3 Kf8 24. Kh2 Ke7 25. Rdd2 Qxd4 26. Rxd4 Rc3 27. a5 b6 28. axb6 Rb8 29. Bxd5 Bxd5 30. Rxd5 Rxb6 31. Ra5 Rcxb3 32. Rxb3 Rxb3 33. Rxa6 h5 34. Kg3 g6 35. Ra2 Kf6 36. h4 Rb4 37. f3 Rb6 38. e4 Ke5 39. Ra5+ Kf6 40. Kf4 Rb4 41. Kg3 Rc4 42. Ra6+ Ke5 43. Ra5+ Kf6 44. Kf4 Rb4 45. Ra3 Rc4 46. Ke3 Rc6 47. f4 Rb6 48. g3 Rc6 49. Kd4 Rd6+ 50. Ke3 Rb6 51. Kd4 Rd6+ 52. Kc5 Rd1 53. e5+ Ke6 54. Kc4 Rc1+ 55. Kd4 Rd1+ 56. Ke4 Re1+ 57. Re3 Rxe3+ 58. Kxe3 Kf5 59. Kf3 f6 60. exf6 Kxf6 61. Ke4 Ke6 62. f5+ gxf5+ 63. Ke3 Ke5 64. Kf3 Ke6 65. Ke2 Kd5 66. Kd3 Ke5 67. Ke3 Ke6 68. Kf2 Ke5 69. Kf3 Ke6 70. Kf4 Kf6 71. Ke3 1/2-1/2

[Event "NOR-ch Elite 2019"]
[Site "Larvik"]
[Date "2019.07.12"]
[Round "8.12"]
[White "Moen, Andreas G.R."]
[Black "Ingebretsen, Jens E"]
[Result "1/2-1/2"]
[ECO "B48"]
[WhiteElo "2322"]
[BlackElo "2276"]
[Annotator "NA"]
[PlyCount "145"]
[EventDate "2019.07.05"]
[EventType "swiss"]
[EventCountry "NOR"]
[SourceTitle "playchess.com"]
[Source "ChessBase"]
[SourceQuality "1"]
[TimeControl "40/5400+30:1800+30"]

1. e4 c5 2. Nf3 e6 3. d4 cxd4 4. Nxd4 Nc6 5. Nc3 Qc7 6. Be3 a6 7. Qd2 Nf6 8. O-O-O b5 9. Bf4 Qb6 10. e5 Qxd4 11. Qxd4 Nxd4 12. Rxd4 Bc5 13. Rd2 Nh5 14. Ne4 Bb4 15. Rd4 Nxf4 16. Rxb4 Nd5 17. Rd4 Ke7 18. Nd6 f6 19. f4 Ra7 20. g3 Rc7 21. Bd3 h5 22. Re1 Nb6 23. Be4 h4 24. c3 hxg3 25. hxg3 Rh3 26. Rh1 Rxh1+ 27. Bxh1 Rc5 28. Re4 a5 29. a3 Ba6 30. Bg2 Nc8 31. Nxc8+ Bxc8 32. Re3 b4 33. axb4 axb4 34. Kc2 Ba6 35. Kb3 bxc3 36. bxc3 Rb5+ 37. Kc2 Ra5 38. Kb3 Ra1 39. Kb4 Rg1 40. Be4 Rc1 41. Kc5 Bf1 42. Bf3 Rb1 43. Kd4 Rb2 44. Re1 Ba6 45. Be4 Ra2 46. c4 Ra4 47. Rc1 Kd8 48. Rc2 Kc7 49. Bd3 Ra1 50. Be4 Ra4 51. Bd3 Ra1 52. Be4 Rd1+ 53. Kc5 fxe5 54. fxe5 Re1 55. Kd4 Bb7 56. Bxb7 Kxb7 57. Rf2 Kc6 58. Rf7 Rd1+ 59. Ke4 g5 60. Rg7 Kc5 61. Rxg5 Rd4+ 62. Ke3 Rxc4 63. Rg7 Kc6 64. g4 Kd5 65. Rxd7+ Kxe5 66. Kf3 Rc3+ 67. Kf2 Ke4 68. Ra7 e5 69. Ra4+ Kd3 70. Kf3 Rc1 71. Ra3+ Kd4 72. Ra4+ Kd3 73. Ra3+ 1/2-1/2

[Event "NOR-ch Elite 2019"]
[Site "Larvik"]
[Date "2019.07.13"]
[Round "9.7"]
[White "Stokke, Kjetil"]
[Black "Ranaldi, Lucas"]
[Result "1/2-1/2"]
[ECO "B12"]
[WhiteElo "2336"]
[BlackElo "2262"]
[Annotator "ChessBase"]
[PlyCount "83"]
[EventDate "2019.07.05"]
[EventType "swiss"]
[EventCountry "NOR"]
[SourceTitle "playchess.com"]
[Source "ChessBase"]
[SourceQuality "1"]
[TimeControl "40/5400+30:1800+30"]

1. e4 c6 2. d4 d5 3. e5 Bf5 4. Nf3 e6 5. Be2 Nd7 6. O-O Bg6 7. Nbd2 Nh6 8. Nb3 Nf5 9. Bd2 Be7 10. g4 Nh4 11. Nxh4 Bxh4 12. f4 f5 13. exf6 Bxf6 14. Bd3 Bxd3 15. cxd3 g6 16. Qe2 Kf7 17. f5 exf5 18. gxf5 Re8 19. Qg4 b6 20. Kh1 Kg7 21. fxg6 hxg6 22. Rg1 Nf8 23. Qh5 Kf7 24. Qf3 Re6 25. Raf1 Qe7 26. Qg4 Kg8 27. Bh6 Bg7 28. Bg5 Qd7 29. Nd2 Rae8 30. Nf3 Re2 31. Qh4 Rxb2 32. Ne5 Bxe5 33. dxe5 d4 34. Rg3 Qd5+ 35. Kg1 Rxe5 36. Rxf8+ Kxf8 37. Qh8+ Kf7 38. Qh7+ Ke8 39. Qh8+ Kf7 40. Qh7+ Ke8 41. Qh8+ Kf7 42. Qh7+ 1/2-1/2

[Event "NOR-ch Elite 2019"]
[Site "Larvik"]
[Date "2019.07.13"]
[Round "9.11"]
[White "Altarbosh, Ward"]
[Black "Tryggestad, Andreas Garberg"]
[Result "0-1"]
[ECO "B48"]
[WhiteElo "2202"]
[BlackElo "2336"]
[Annotator "ChessBase"]
[PlyCount "74"]
[EventDate "2019.07.05"]
[EventType "swiss"]
[EventCountry "NOR"]
[SourceTitle "playchess.com"]
[Source "ChessBase"]
[SourceQuality "1"]
[TimeControl "40/5400+30:1800+30"]

1. e4 c5 2. Nf3 e6 3. d4 cxd4 4. Nxd4 Nc6 5. Nc3 Qc7 6. Be3 Nf6 7. f4 Bb4 8. Ndb5 Qa5 9. e5 Nd5 10. Bd2 Nxc3 11. Nxc3 d5 12. exd6 Bxd6 13. Ne4 Bb4 14. Nd6+ Ke7 15. Nc4 Bxd2+ 16. Nxd2 Qb4 17. Qg4 Qxb2 18. Rb1 Qxc2 19. Qg5+ Kf8 20. Bc4 b6 21. Rd1 Qg6 22. Qb5 Qxg2 23. Rf1 Bb7 24. Nf3 Qc2 25. Ng5 Ke7 26. Rd2 Qc3 27. Rf3 Qb4 28. Nxf7 Qxb5 29. Bxb5 Kxf7 30. Rd7+ Kf6 31. Rg3 Bc8 32. Rc7 Ne7 33. Bd3 Rb8 34. Be4 Rd8 35. Rxa7 Rd7 36. Ra4 Bb7 37. Ra7 Nc8 0-1

[Event "NOR-ch Elite 2019"]
[Site "Larvik"]
[Date "2019.07.13"]
[Round "9.12"]
[White "Andersen, Alf Roger"]
[Black "Vitenberg, Noam Aviv"]
[Result "0-1"]
[ECO "B18"]
[WhiteElo "2149"]
[BlackElo "2300"]
[Annotator "ChessBase"]
[PlyCount "126"]
[EventDate "2019.07.05"]
[EventType "swiss"]
[EventCountry "NOR"]
[SourceTitle "playchess.com"]
[Source "ChessBase"]
[SourceQuality "1"]
[TimeControl "40/5400+30:1800+30"]

1. e4 c6 2. d4 d5 3. Nc3 dxe4 4. Nxe4 Bf5 5. Ng3 Bg6 6. Bc4 e6 7. N1e2 Bd6 8. O-O Qc7 9. f4 Ne7 10. Kh1 Nd7 11. Bd3 O-O-O 12. c4 c5 13. Be3 Nf6 14. Rc1 Kb8 15. f5 Ng4 16. Bg1 exf5 17. d5 h5 18. b4 cxb4 19. Nd4 Bc5 20. Bxf5 Nxf5 21. Ngxf5 Bxf5 22. Rxf5 a6 23. Qd2 g6 24. Rf3 Ka8 25. h3 Rde8 26. Rb3 Re4 27. Nf3 Bxg1 28. Kxg1 Qc5+ 29. Kh1 a5 30. hxg4 hxg4+ 31. Nh2 Rxc4 32. Rxc4 Qxc4 33. Kg1 Rh5 34. Nf1 Rxd5 35. Qf2 Rf5 36. Qe1 Qd4+ 37. Ne3 Re5 38. Qe2 f5 39. Rd3 Qa1+ 40. Kh2 f4 41. Qd1 Qxd1 42. Nxd1 Re2 43. a3 bxa3 44. Rxa3 b6 45. Ra4 g5 46. Nc3 Re5 47. g3 Rc5 48. Ne4 Rc2+ 49. Kg1 Rc1+ 50. Kf2 Rc2+ 51. Kf1 Kb7 52. Nxg5 fxg3 53. Rxg4 g2+ 54. Rxg2 Rxg2 55. Kxg2 a4 56. Ne4 a3 57. Nc3 b5 58. Na2 Kc6 59. Kf3 Kc5 60. Ke3 b4 61. Kd2 b3 62. Nc1 Kc4 63. Nd3 a2 0-1